 Dungeon Crawl Stone Soup version 0.30-a0-1124-g6e8f0f562f (webtiles) character file.

Game seed: 10769060198807396555

140 voltaire321 the Insei (level 5, -6/34 HPs)
             Began as an Octopode Transmuter on Apr 23, 2023.
             Killed from afar by Blork the orc (13 damage)
             ... with a puff of frost
             ... on level 4 of the Dungeon.
             The game lasted 00:07:24 (2042 turns).

voltaire321 the Insei (Octopode Transmuter)         Turns: 2042, Time: 00:07:25

Health: -6/34      AC:  1    Str: 10    XL:     5   Next: 22%
Magic:  9/9        EV: 13    Int: 15    God:
Gold:   183        SH:  0    Dex: 14    Spells: 1/9 levels left

rFire   . . .        o - +2 sling (flame)
rCold   . . .        (no shield)
rNeg    + . .        (helmet restricted)
rPois   .            (no amulet)
rElec   .            h - ring of positive energy
rCorr   .            (no ring)
SInv    .            (no ring)
Will    .....        (no ring)
Stlth   ++           (no ring)
HPRegen 0.25/turn    (no ring)
MPRegen 0.11/turn    (no ring)
                     (no ring)

%: no passive effects
@: wereblooded
A: almost no armour, amphibious, 8 rings, camouflage 1, gelatinous body 1,
(nimble swimmer 1), tentacles
a: no special abilities


You were on level 4 of the Dungeon.
You visited 1 branch of the dungeon, and saw 4 of its levels.

You collected 183 gold pieces.

Inventory:

Hand Weapons
 o - a +2 sling of flaming (weapon)
Missiles
 j - a throwing net
Jewellery
 h - a ring of positive energy (left tentacle)
 p - a +5 ring of evasion
Scrolls
 d - 3 scrolls of fear {unknown}
 e - a scroll of magic mapping {unknown}
 i - 3 scrolls of identify {unknown}
 k - a scroll of torment {unknown}
 l - a scroll of enchant armour {unknown}
 m - a scroll of amnesia {unknown}
 q - a scroll of teleportation {unknown}
 r - a scroll of fog {unknown}
Potions
 a - a potion of lignification
 b - a potion of berserk rage {unknown}
 c - a potion of curing {unknown}
 f - 3 potions of ambrosia {unknown}
 g - a potion of invisibility {unknown}
 n - a potion of brilliance {unknown}


   Skills:
 + Level 2.2 Fighting
 + Level 2.8 Dodging
 + Level 3.7 Unarmed Combat
 + Level 2.7 Spellcasting
 + Level 0.0 Conjurations
 + Level 2.9 Transmutations
 + Level 0.0 Poison Magic


You had one spell level left.
You knew the following spells:

 Your Spells              Type           Power      Damage    Failure   Level
a - Beastly Appendage     Tmut           20%        N/A       6%          1
b - Wereblood             Tmut           10%        N/A       10%         2
c - Searing Ray           Conj           4%         2d4       30%         2
d - Spider Form           Tmut/Pois      6%         N/A       34%         3

Your spell library contained the following spells:

 Spells                   Type           Power      Damage    Failure   Level
 Magic Dart               Conj           8%         1d3       21%         1
 Blink                    Tloc           4%         N/A       30%         2
 Ice Form                 Ice/Tmut       6%         N/A       75%         4
 Fulminant Prism          Conj/Hex       1%         3d5       90%         4
 Manifold Assault         Tloc           2%         N/A       90%         4
 Storm Form               Tmut/Air       3%         N/A       100%        7


Dungeon Overview and Level Annotations

Branches:
Dungeon (4/15)
 Temple: D:4-7

Altars:
Dithmenos
Hepliaklqana

Annotations:
D:4 Blork the orc


Innate Abilities, Weirdness & Mutations

You cannot wear most types of armour.
You are amphibious.
You can wear up to eight rings at the same time.
Your skin changes colour to match your surroundings (Stealth+).
Your rubbery body absorbs attacks. (AC +1, EV +1)
((You are camouflaged when in or above water. (Stealth+)))
You have tentacles for arms and can constrict up to eight enemies at once.


Message History

Fire: o) +2 sling (flame)
Press: ? - help, Q - select action, (/) - cycle Shift-Dir - straight line, f/p - Blork the orc
Aim: Blork the orc, wielding a +0 halberd and wearing a +0 robe (moderately wounded, 63% to hit)
You shoot a sling bullet.
The sling bullet hits Blork the orc but does no damage.
Blork the orc is moderately wounded.
Blork the orc closely misses you.
Blork the orc gestures at you while chanting.
The puff of frost hits you!
Fire: o) +2 sling (flame)
Press: ? - help, Q - select action, (/) - cycle Shift-Dir - straight line, f/p - Blork the orc
Aim: Blork the orc, wielding a +0 halberd and wearing a +0 robe (moderately wounded, 63% to hit)
You shoot a sling bullet.
The sling bullet hits Blork the orc but does no damage.
Blork the orc is moderately wounded.
Blork the orc closely misses you.
Fire: o) +2 sling (flame)
Press: ? - help, Q - select action, (/) - cycle Shift-Dir - straight line, f/p - Blork the orc
Aim: Blork the orc, wielding a +0 halberd and wearing a +0 robe (moderately wounded, 63% to hit)
You shoot a sling bullet. The sling bullet hits Blork the orc.
The sling bullet burns Blork the orc.
Blork the orc is moderately wounded.
Blork the orc barely misses you.
Blork the orc gestures at you while chanting.
The puff of frost hits you!
Fire: o) +2 sling (flame)
Press: ? - help, Q - select action, (/) - cycle Shift-Dir - straight line, f/p - Blork the orc
Aim: Blork the orc, wielding a +0 halberd and wearing a +0 robe (moderately wounded, 63% to hit)
You shoot a sling bullet.
The sling bullet closely misses Blork the orc.
Blork the orc completely misses you.
Blork the orc points at you and mumbles some strange words.
The magic dart hits you!
* * * LOW HITPOINT WARNING * * *
Blork the orc mumbles some strange words.
Blork the orc seems to speed up.
Blork the orc looks braver for a moment.
Blork the orc points at you and mumbles some strange words.
The puff of frost hits you!
You die...

.### ...# ...####### #........#
.........### ############
#........#.# #..........#
########.#.#########..........#
..>...............#..).......#
.....##.#......@..o..........###
...#............................
.# #.####.....####...........#
#.# ###.............###.#... ..
#....##.###.....#.#.##
..##.###....##.# ###.#.#o#.#
.......#...###.#####.#...#.#
#..................#.##..#.#
.....#.#....##.###.#.....#.##


You could see Blork the orc (fast).

Vanquished Creatures
  An orc priest (D:3)
  3 gnolls
  3 adders (D:2)
  A worm (D:2)
  2 orcs (D:3)
  4 ball pythons
  6 endoplasms
  3 giant cockroaches
  6 hobgoblins
  A quokka (D:2)
  6 bats
  5 frilled lizards
  4 goblins
  5 kobolds
  3 rats
53 creatures vanquished.

Notes
Turn   | Place    | Note
-------+----------+-------------------------------------------
     0 | D:1      | voltaire321 the Octopode Transmuter began the quest for the
                  | Orb.
     0 | D:1      | Reached XP level 1. HP: 13/13 MP: 3/3
   206 | D:1      | Reached XP level 2. HP: 18/18 MP: 3/5
   713 | D:2      | Reached XP level 3. HP: 21/23 MP: 4/6
   879 | D:2      | Reached XP level 4. HP: 2/29 MP: 7/7
  1519 | D:3      | Learned a level 2 spell: Wereblood
  1582 | D:3      | Reached XP level 5. HP: 29/34 MP: 7/9
  1698 | D:3      | Learned a level 2 spell: Searing Ray
  1702 | D:3      | Learned a level 3 spell: Spider Form
  1930 | D:3      | Found a hazy altar of Hepliaklqana.
  1931 | D:3      | Found a shadowy altar of Dithmenos.
  1931 | D:3      | Noticed a shadow
  2015 | D:4      | Noticed Blork the orc
  2042 | D:4      | Killed from afar by Blork the orc

Illustrated notes

Levels and vault maps discovered:
D:1:      lightli_molten_gateway, layout_rooms, minivault_4, minivault_4,
          kennysheep_pointless_box
D:2:      layout_rooms, roderic_roman_lattice
D:3:      layout_basic, riverfiend_overflow_shadow_ancestor
D:4:      layout_basic, old_standard_altar, ebering_ghost_sewer_f,
          uniq_blork_the_orc

Skill      XL: |  1  2  3  4 |
---------------+-------------+-----
Fighting       | 2 |  2.2
Dodging        | |  2.8
Unarmed Combat | |  3.7
Spellcasting   | |  2.7
Transmutations | |  2.9

Action                     |  1- 3 |  4- 6 || total
---------------------------+-------+-------++-------
  Melee: Unarmed           |    48 |    41 ||    89
         Kick              |    16 |    12 ||    28
         Constrict         |    12 |    15 ||    27
         Tentacles         |    10 |     8 ||    18
         Punch             |     2 |     1 ||     3
   Fire: Sling             |       |    30 ||    30
   Cast: Beastly Appendage |    12 |     9 ||    21
         Wereblood         |       |     1 ||     1
   Stab: Sleeping          |     3 |       ||     3
 Armour: Skin              |     2 |     6 ||     8
  Dodge: Dodged            |    31 |    38 ||    69

Table legend: (Time is in decaauts)
 A = Elapsed time spent in this place.
 B = Non-inter-level travel time spent in this place.
 C = Inter-level travel time spent in this place.
 D = Time resting spent in this place.
 E = Time spent auto-exploring this place.
 F = Levels seen in this place.
 G = Mean time per level.
                   A        B        C        D        E       F      G
               +--------+--------+--------+--------+--------+-----+--------+
         Total |   2048 |   1947 |    101 |    400 |   1056 |   4 |  512.0 |
       Dungeon |   2048 |   1947 |    101 |    400 |   1056 |   4 |  512.0 |
               +--------+--------+--------+--------+--------+-----+--------+

Top non-repeatable levels by time:
     D:1: 813 daAuts
     D:2: 605 daAuts
     D:3: 539 daAuts
     D:4: 90 daAuts
